Map: 光影交错-天梯版

Players

沧海客 - Winner!

  • Race: Protoss Protoss
  • League: Master

执笔道思念

  • Race: Zerg Zerg
  • League: Grandmaster

VOD

Have the link to the VOD?

Description

Time

  • Played on: Nov. 21, 2020, 2:15 a.m.
  • Length: 18:38
Show
View Real Time Build Order
Export as new Build Order

沧海客 Protoss - Winner!

Build Orders: 1 Gate Expand, Oracle Opening, Carriers 

Get SALT Encoding   

  12  0:00  Probe  
  13  0:12  Probe  
  14  0:18  Pylon  
  14  0:25  Probe (Chrono Boost)  
  15  0:37  Probe (Chrono Boost)  
  15  0:40  Gateway  
  16  0:45  Probe (Chrono Boost)  
  16  0:47  Assimilator  
  17  0:51  Probe  
  18  0:57  Assimilator  
  18  1:03  Probe  
  19  1:15  Probe  
  20  1:27  Nexus  
  20  1:38  Cybernetics Core  
  20  1:40  Probe  
  21  1:47  Assimilator  
  21  1:52  Probe  
  22  1:55  Pylon  
  22  2:04  Probe  
  23  2:11  Adept (Chrono Boost)  
  25  2:16  Probe  
  25  2:17  Stargate  
  26  2:25  Warp Gate  
  26  2:28  Probe (Chrono Boost)  
  27  2:33  Stalker (Chrono Boost)  
  29  2:39  Probe (Chrono Boost)  
  31  2:47  Probe (Chrono Boost)  
  31  2:49  Probe (Chrono Boost)  
  32  2:53  Probe (Chrono Boost)  
  32  2:54  Probe (Chrono Boost)  
  32  2:55  Void Ray (Chrono Boost)  
  34  3:05  Probe  
  39  3:06  Probe  
  40  3:17  Pylon, Probe  
  40  3:18  Probe  
  42  3:24  Gateway  
  42  3:28  Adept  
  42  3:29  Probe  
  42  3:31  Probe  
  46  3:35  Oracle  
  49  3:41  Pylon, Probe  
  49  3:43  Probe  
  49  3:46  Shield Battery  
  51  3:54  Probe  
  52  3:58  Gateway  
  52  3:59  Gateway  
  52  4:05  Twilight Council  
  52  4:15  Pylon  
  52  4:19  Adept x2  
  56  4:25  Probe  
  56  4:30  Nexus  
  57  4:39  Probe  
  57  4:40  Probe  
  57  4:42  Resonating Glaives (Chrono Boost), Assimilator  
  57  4:43  Assimilator, Adept x2  
  63  4:52  Probe  
  64  4:55  Pylon  
  64  4:57  Probe  
  64  4:58  Adept  
  64  4:59  Adept  
  67  5:11  Adept x2  
  67  5:12  Probe x2  
  67  5:18  Forge  
  67  5:19  Adept  
  69  5:25  Pylon  
  69  5:27  Adept  
  69  5:28  Probe x2  
  73  5:33  Adept x2  
  77  5:38  Pylon  
  77  5:47  Adept  
  77  5:48  Adept  
  77  5:49  Probe x3 (Chrono Boost)  
  76  5:54  Adept  
  76  5:56  Adept  
  80  5:58  Probe x2 (Chrono Boost)  
  80  5:59  Probe (Chrono Boost)  
  80  6:03  Probe x2 (Chrono Boost)  
  83  6:04  Probe  
  86  6:11  Stargate  
  86  6:13  Stargate  
  86  6:15  Probe (Chrono Boost)  
  89  6:19  Probe (Chrono Boost)  
  89  6:23  Assimilator, Probe (Chrono Boost)  
  90  6:26  Probe (Chrono Boost)  
  90  6:27  Assimilator, Void Ray  
  90  6:30  Probe (Chrono Boost)  
  90  6:31  Probe x2 (Chrono Boost)  
  93  6:39  Probe  
  98  6:41  Probe  
  98  6:42  Probe  
  98  6:45  Adept x4  
  108  6:50  Void Ray (Chrono Boost)  
  108  6:51  Probe  
  108  6:53  Probe  
  107  6:54  Probe  
  109  7:07  Pylon, Void Ray (Chrono Boost)  
  109  7:09  Pylon, Void Ray (Chrono Boost)  
  109  7:11  Pylon, Probe x2  
  107  7:17  Photon Cannon  
  107  7:20  Photon Cannon  
  109  7:24  Void Ray (Chrono Boost)  
  109  7:30  Templar Archives  
  109  7:33  Sentry  
  109  7:34  Sentry  
  117  7:37  Photon Cannon  
  117  7:39  Protoss Ground Weapons Level 1  
  117  7:40  Photon Cannon  
  117  7:43  Photon Cannon  
  117  7:44  Void Ray  
  117  7:45  Photon Cannon  
  117  7:46  Shield Battery  
  117  7:50  Shield Battery  
  121  7:54  Pylon  
  121  7:57  Void Ray  
  121  8:01  Charge  
  125  8:11  Void Ray  
  124  8:22  Void Ray  
  118  8:29  Psionic Storm  
  118  8:32  Adept x4  
  128  8:37  Pylon  
  128  8:40  Pylon  
  127  8:42  Pylon  
  127  8:43  Pylon  
  127  8:44  Pylon  
  123  8:52  Nexus  
  123  8:53  Photon Cannon, Pylon  
  123  8:57  Pylon  
  123  9:00  Fleet Beacon  
  123  9:01  Photon Cannon  
  122  9:06  Probe  
  122  9:08  Photon Cannon  
  122  9:09  Probe x2  
  125  9:13  Protoss Air Weapons Level 1 (Chrono Boost)  
  125  9:18  Probe  
  125  9:22  Photon Cannon, Probe  
  127  9:25  Photon Cannon  
  127  9:28  Photon Cannon  
  127  9:29  Photon Cannon  
  127  9:30  High Templar x3  
  133  9:32  Photon Cannon  
  133  9:35  Photon Cannon, Probe (Chrono Boost)  
  136  9:38  Probe (Chrono Boost)  
  136  9:39  Probe (Chrono Boost)  
  136  9:46  Assimilator  
  136  9:47  Probe x2 (Chrono Boost)  
  136  9:48  Carrier (Chrono Boost)  
  144  9:57  Assimilator  
  144  10:01  Carrier (Chrono Boost)  
  150  10:20  Carrier (Chrono Boost), Robotics Facility  
  156  10:31  Photon Cannon  
  156  10:32  Photon Cannon  
  156  10:33  Shield Battery  
  156  10:34  Shield Battery  
  156  10:44  Shield Battery x2, Adept  
  156  10:45  Adept x3  
  156  10:46  Shield Battery  
  164  10:55  Carrier x2 (Chrono Boost)  
  172  11:14  Protoss Air Weapons Level 2 (Chrono Boost)  
  172  11:16  Carrier (Chrono Boost)  
  178  11:21  Gateway  
  178  11:23  Gateway  
  178  11:24  Photon Cannon  
  178  11:25  Gateway, Observer (Chrono Boost)  
  171  11:26  Protoss Ground Weapons Level 2  
  171  11:27  Gateway  
  171  11:30  Gateway  
  171  11:39  Warp Prism (Chrono Boost), High Templar x3  
  177  11:41  Gateway x2  
  179  11:52  Zealot  
  181  11:57  Carrier  
  187  12:11  Nexus  
  187  12:14  Zealot x4  
  194  12:34  Zealot x3  
  200  12:42  Nexus  
  200  12:43  Pylon  
  196  12:56  Zealot x4  
  190  13:09  Zealot x7  
  166  13:20  Archon  
  166  13:21  Zealot  
  166  13:22  Zealot x3  
  166  13:24  Carrier x3  
  182  13:33  Zealot x5  
  175  13:40  High Templar x2  
  155  13:42  High Templar x4  
  155  13:44  Immortal (Chrono Boost)  
  155  13:45  Archon  
  155  13:46  Archon x2  
  159  14:03  High Templar x5  
  164  14:19  Immortal (Chrono Boost)  
  161  14:26  Zealot x4  
  161  14:42  Protoss Air Weapons Level 3  
  161  14:44  Observer (Chrono Boost)  
  160  14:59  High Templar x6  
  172  15:00  High Templar x2  
  172  15:04  Archon x3  
  172  15:05  Archon  
  176  15:09  Nexus  
  176  15:13  Zealot x3  
  176  15:31  Zealot  
  176  15:32  Zealot x4  
  178  15:39  Archon  
  166  15:43  High Templar x2  
  166  15:44  High Templar x3  
  162  15:52  Archon x2  
  162  15:55  Zealot x3  
  156  16:08  Pylon  
  156  16:09  High Templar  
  156  16:10  High Templar  
  160  16:14  Archon  
  160  16:15  High Templar x2  
  164  16:32  Photon Cannon  
  164  16:37  High Templar x3  
  170  16:43  Archon  
  170  16:44  Archon  
  170  16:46  Zealot x4  
  164  16:49  Zealot  
  150  16:59  Archon  
  132  17:09  Zealot x3, High Templar x3  
  132  17:10  Zealot  
  146  17:19  Zealot x3  
  150  17:31  Archon  
  150  17:38  High Templar x2  
  150  17:39  Zealot x4, High Templar x2  
  150  17:42  Archon  
  150  17:43  Archon  
  166  17:45  Zealot  
  166  17:46  Zealot  
  166  17:51  Observer  
  171  17:53  Zealot  
  157  18:07  Zealot x5  
  155  18:16  Zealot x5  
  155  18:22  High Templar  
  153  18:27  Zealot x3  
  153  18:30  High Templar  
  153  18:31  High Templar  
  163  18:34  Archon  
  155  18:36  Archon  
Show
View Real Time Build Order
Export as new Build Order

执笔道思念 Zerg 

Build Orders: Hatch First, Roach Hydra 

Get SALT Encoding   

  12  0:01  Drone  
  13  0:08  Drone  
  14  0:16  Overlord  
  14  0:23  Drone, Extractor  
  15  0:35  Drone  
  16  0:48  Hatchery  
  15  0:51  Drone  
  15  0:55  Drone  
  17  0:59  Drone  
  18  1:12  Extractor  
  18  1:14  Spawning Pool  
  18  1:16  Drone  
  17  1:20  Drone  
  18  1:27  Drone  
  19  1:38  Drone  
  20  1:50  Drone  
  21  2:00  Drone  
  22  2:01  Queen x2  
  22  2:02  Zergling x2  
  27  2:09  Overlord  
  27  2:15  Metabolic Boost  
  27  2:18  Drone  
  28  2:30  Drone x2  
  30  2:40  Queen  
  30  2:43  Hatchery  
  31  2:47  Overlord  
  31  2:51  Zergling x2  
  32  2:52  Zergling x2  
  32  2:54  Drone  
  34  2:59  Drone x2  
  36  3:07  Drone x2  
  36  3:12  Drone x3  
  41  3:13  Drone  
  41  3:16  Overlord  
  42  3:20  Overlord  
  42  3:27  Overlord  
  42  3:36  Drone x2  
  42  3:38  Spore Crawler  
  42  3:40  Drone x3  
  46  3:46  Drone  
  46  3:47  Drone x2  
  49  3:49  Queen  
  49  3:51  Drone  
  49  3:55  Queen  
  54  3:59  Drone  
  55  4:03  Drone x2  
  55  4:04  Drone  
  58  4:11  Drone  
  58  4:13  Spore Crawler, Overlord  
  58  4:16  Overlord x2  
  58  4:20  Overlord  
  58  4:29  Overlord  
  58  4:31  Overlord  
  58  4:32  Drone  
  58  4:33  Drone x4  
  62  4:38  Zergling x2  
  62  4:41  Zergling x4  
  62  4:43  Roach Warren  
  62  4:44  Extractor  
  62  4:45  Extractor, Spore Crawler  
  61  4:46  Evolution Chamber  
  61  4:49  Zergling x8  
  64  4:54  Lair  
  64  5:04  Drone x6  
  66  5:09  Spore Crawler  
  66  5:10  Drone  
  66  5:11  Drone x3  
  69  5:14  Drone  
  69  5:15  Drone x2  
  69  5:19  Overlord  
  72  5:23  Drone x2  
  74  5:29  Extractor  
  74  5:32  Drone, Overlord  
  74  5:33  Drone x2  
  74  5:35  Drone  
  77  5:36  Overlord  
  77  5:42  Zerg Missile Weapons Level 1  
  75  5:44  Overlord  
  75  5:45  Drone  
  75  5:46  Drone  
  75  5:48  Drone x3  
  75  5:49  Drone  
  79  5:59  Overlord  
  79  6:01  Extractor  
  79  6:03  Extractor  
  77  6:04  Drone x4  
  77  6:07  Hatchery  
  77  6:10  Hydralisk Den  
  79  6:13  Overlord  
  79  6:14  Roach x3  
  79  6:15  Drone  
  79  6:16  Drone  
  79  6:18  Drone  
  88  6:23  Overlord  
  88  6:31  Roach x4, Zergling x2  
  91  6:43  Roach  
  91  6:44  Roach x2  
  86  6:54  Roach x3  
  86  7:00  Roach, Zergling x4  
  90  7:16  Roach, Zergling x16  
  97  7:27  Drone x4  
  97  7:28  Drone x3  
  102  7:38  Spore Crawler  
  102  7:39  Drone x2  
  102  7:40  Spine Crawler  
  102  7:42  Drone x5  
  107  7:44  Glial Reconstitution  
  107  7:49  Drone, Zerg Missile Weapons Level 2  
  108  7:51  Roach  
  108  7:52  Roach  
  108  7:54  Roach  
  114  7:59  Drone  
  114  8:05  Roach x3  
  118  8:16  Drone x6  
  123  8:24  Drone  
  123  8:25  Drone x2, Overlord  
  123  8:27  Grooved Spines  
  121  8:30  Drone x6, Extractor x2  
  125  8:35  Hydralisk  
  125  8:36  Hydralisk x3  
  125  8:39  Ravager x4  
  137  8:45  Roach, Zergling x4  
  138  8:50  Infestation Pit  
  138  8:51  Drone x3  
  138  8:54  Roach, Spine Crawler  
  138  8:55  Zergling x2  
  142  9:03  Roach, Hydralisk x3  
  142  9:05  Pneumatized Carapace  
  142  9:08  Ravager  
  149  9:10  Drone x2  
  149  9:13  Hydralisk  
  149  9:14  Hydralisk x2  
  155  9:20  Drone  
  155  9:21  Spine Crawler  
  155  9:30  Drone x2  
  155  9:31  Drone  
  158  9:32  Infestor  
  158  9:33  Spore Crawler  
  158  9:36  Roach, Hydralisk x5  
  158  9:38  Muscular Augments  
  171  9:41  Overlord  
  171  9:47  Roach, Hydralisk  
  171  9:49  Overlord x2  
  175  9:53  Overlord  
  175  9:55  Overlord  
  175  9:57  Overlord  
  175  10:01  Hatchery, Hive  
  175  10:03  Overlord  
  175  10:06  Roach  
  176  10:07  Roach, Hydralisk  
  168  10:26  Roach  
  168  10:27  Roach x2, Zergling x22  
  175  10:29  Ravager x3  
  175  10:32  Overlord  
  175  10:33  Drone  
  175  10:34  Drone x3  
  182  10:41  Roach, Zergling x2  
  182  10:42  Zergling x8  
  189  10:46  Pathogen Glands  
  189  10:50  Zerg Ground Armor Level 1, Evolution Chamber  
  167  11:06  Roach, Zergling x4  
  167  11:07  Drone  
  167  11:10  Overlord  
  172  11:11  Drone x4  
  172  11:12  Drone x4  
  172  11:14  Extractor  
  172  11:16  Extractor  
  172  11:17  Roach  
  176  11:23  Drone  
  176  11:24  Drone x3  
  179  11:32  Hydralisk x10, Ultralisk Cavern  
  180  11:36  Spire  
  180  11:38  Zerg Missile Weapons Level 3  
  197  11:42  Neural Parasite  
  197  11:45  Burrow  
  196  11:54  Infestor  
  196  12:00  Spore Crawler  
  197  12:01  Spore Crawler  
  197  12:02  Spore Crawler x2  
  197  12:03  Drone x4  
  197  12:04  Drone, Spore Crawler  
  197  12:06  Spore Crawler x2  
  196  12:12  Spine Crawler, Spore Crawler  
  196  12:13  Spine Crawler  
  196  12:14  Spore Crawler x2  
  186  12:35  Spine Crawler  
  184  12:40  Spine Crawler x2  
  181  12:46  Ultralisk x3, Chitinous Plating  
  177  13:09  Ultralisk, Hydralisk x2  
  177  13:10  Ultralisk, Zergling x2, Hydralisk x7  
  182  13:14  Hydralisk x2  
  173  13:23  Hydralisk  
  173  13:24  Hydralisk x3  
  163  13:28  Hydralisk  
  163  13:29  Hydralisk  
  163  13:31  Hydralisk x2  
  167  13:43  Infestor x2  
  167  13:44  Drone x2  
  167  13:45  Drone x5  
  178  13:51  Zerg Flyer Armor Level 1  
  178  13:53  Zerg Ground Armor Level 2  
  178  14:04  Hydralisk x5  
  178  14:05  Anabolic Synthesis  
  188  14:11  Infestor x3  
  188  14:15  Infestor  
  196  14:17  Drone x3  
  196  14:18  Drone  
  191  14:29  Infestor x5  
  191  14:45  Hydralisk x2  
  175  14:51  Ultralisk x2  
  191  14:57  Queen x3  
  197  15:11  Spore Crawler  
  197  15:12  Spore Crawler  
  195  15:15  Hatchery  
  182  15:34  Hydralisk  
  182  15:35  Roach, Hydralisk x4  
  148  15:52  Hydralisk  
  148  15:53  Hydralisk x9  
  150  16:04  Hydralisk x4  
  150  16:08  Roach, Hydralisk  
  160  16:14  Hydralisk  
  160  16:15  Hydralisk  
  160  16:20  Spore Crawler  
  160  16:22  Spore Crawler x2, Infestor  
  160  16:24  Hydralisk  
  161  16:27  Drone x3  
  164  16:34  Drone x2, Spore Crawler  
  164  16:36  Spore Crawler  
  134  16:50  Hydralisk  
  134  16:51  Zergling x2, Hydralisk x5  
  129  16:58  Hydralisk  
  116  17:04  Hydralisk x4  
  124  17:09  Roach  
  124  17:14  Drone  
  127  17:19  Drone x3  
  127  17:22  Hydralisk x3  
  130  17:27  Roach  
  138  17:33  Spore Crawler  
  138  17:35  Spine Crawler, Extractor  
  135  17:38  Hydralisk x2  
  139  17:48  Ultralisk  
  139  17:49  Infestor  
  139  17:50  Infestor  
Tags
 
Add a new tag
Caveats
  • Supply blocks, unpowered buildings, or Contaminate may cause inaccurate times.
  • Supply counts are checked every 10 seconds.